[Event "Titled Tuesday Blitz April 11 Early 2023"]
[White "Rom, Jasper"]
[Black "Ibarra Jerez, Jose Carlos"]
[WhiteFideId "2023733"]
[BlackFideId "2226332"]
[WhiteElo "2233"]
[BlackElo "2638"]
[Result "0-1"]
[Round "01"]
[TimeControl "180+2"]
[Date "2023.04.11"]
[WhiteClock "0:00:31"]
[BlackClock "0:00:47"]

1. e4 c5 2. Nc3 a6 3. g3 b5 4. Bg2 Bb7 5. Nh3 e6 6. d3 b4 7. Nb1 d5 8. Nd2 Nf6 9. O-O Be7 10. f4 h5 11. Nf2 Qc7 12. e5 Ng8 13. Bf3 h4 14. g4 g5 15. Re1 gxf4 16. Nf1 Nc6 17. Bxf4 Bf8 18. h3 Nge7 19. c3 Ng6 20. Bh2 Ncxe5 21. Bg2 Bd6 22. cxb4 cxb4 23. Rc1 Qd7 24. d4 Nc6 25. Bxd5 Bxh2+ 26. Nxh2 Qxd5 27. Ne4 O-O-O 28. Nf3 Kb8 29. Rc5 Qd7 30. d5 exd5 31. Neg5 d4 32. Rf5 Rhf8 33. Qb3 d3 34. Rd1 Nd4 35. Nxd4 Qxd4+ 36. Kh2 Rfe8 0-1


[Site "https://www.chess.com"]

[Event "Titled Tuesday Blitz April 11 Early 2023"]
[White "Rustemov, Alexander"]
[Black "Santos Flores, Alberto"]
[WhiteFideId "4119002"]
[BlackFideId "3601234"]
[WhiteElo "2883"]
[BlackElo "2235"]
[Result "1-0"]
[Round "01"]
[TimeControl "180+2"]
[Date "2023.04.11"]
[WhiteClock "0:00:55"]
[BlackClock "0:01:33"]

1. d4 d5 2. c4 c6 3. Nc3 Nf6 4. e3 a6 5. Qc2 e6 6. c5 e5 7. Nf3 exd4 8. exd4 g6 9. Bf4 Bg7 10. Bd6 h6 11. O-O-O Be6 12. Re1 Bf8 13. Rxe6+ fxe6 14. Qxg6+ Kd7 15. Ne5+ Kc8 16. Nf7 Qe8 17. Nxh8 Qxg6 18. Nxg6 Bxd6 19. cxd6 Kd7 20. Ne5+ Kxd6 21. Bd3 Nbd7 22. f4 h5 23. Re1 Rg8 24. g3 h4 25. Re3 hxg3 26. Rxg3 Rf8 27. Ne2 Nh5 28. Rg4 Ndf6 29. Rh4 Rg8 30. Bg6 Ng7 31. Rh6 Ne4 32. Bxe4 dxe4 33. Rg6 Kd5 34. Kd2 c5 35. dxc5 Kxc5 36. Ke3 Nf5+ 37. Kxe4 Rh8 38. Rxe6 Nd6+ 39. Rxd6 1-0


[Site "https://www.chess.com"]

[Event "Titled Tuesday Blitz April 11 Early 2023"]
[White "Erzhanov, Arman"]
[Black "Kravtsiv, Martyn"]
[WhiteFideId "4138821"]
[BlackFideId "14113147"]
[WhiteElo "2138"]
[BlackElo "2695"]
[Result "0-1"]
[Round "01"]
[TimeControl "180+2"]
[Date "2023.04.11"]
[WhiteClock "0:00:08"]
[BlackClock "0:00:09"]

1. e4 e5 2. Nf3 Nc6 3. Bb5 a6 4. Bxc6 dxc6 5. O-O Bg4 6. h3 h5 7. d3 Qf6 8. Be3 Bxf3 9. Qxf3 Qxf3 10. gxf3 f6 11. f4 exf4 12. Bxf4 Bd6 13. Be3 f5 14. f4 Kf7 15. Nd2 Re8 16. Nf3 Nh6 17. Rae1 Kg6 18. Nh4+ Kh7 19. Nf3 Rhf8 20. e5 Be7 21. Kf2 Nf7 22. Rg1 Nd8 23. d4 Ne6 24. c4 Rd8 25. Rd1 g5 26. fxg5 f4 27. Bc1 Nxd4 28. Nxd4 Bc5 29. Kf3 Bxd4 30. Rge1 c5 31. h4 Kg6 32. Re4 Rde8 33. Rde1 Re6 34. b3 a5 35. Bxf4 a4 36. Kg3 axb3 37. axb3 Ra8 38. R4e2 Ra3 39. Rb1 Kf5 40. Kf3 Rb6 41. e6 Rxe6 42. Rxe6 Kxe6 43. Ke4 Ra2 44. Re1 Rb2 45. Be3 Bc3 46. Rf1 b6 47. g6 Rxb3 48. Bh6 Rb2 49. Rg1 Rh2 50. g7 Rxh4+ 51. Kd3 Bxg7 52. Rxg7 Rd4+ 53. Kc3 Rd7 54. Rxd7 Kxd7 55. Bf4 h4 56. Kd3 c6 57. Ke4 b5 58. Be3 Kd6 59. Bf4+ Ke6 60. Be3 bxc4 61. Bxc5 h3 62. Bg1 c3 63. Kd3 Kd5 64. Kxc3 Ke4 65. Bh2 Kd5 66. Bg3 Kc5 67. Bh2 Kb5 68. Bg3 c5 69. Bh2 c4 70. Bg3 Kc5 71. Bh2 Kd5 72. Bg3 Ke4 73. Bh2 Kf3 74. Kxc4 Kg4 75. Bg1 Kg3 76. Kd3 Kg2 77. Bh2 Kxh2 78. Ke3 Kg2 79. Ke2 h2 80. Kd3 h1=Q 0-1


[Site "https://www.chess.com"]

[Event "Titled Tuesday Blitz April 11 Early 2023"]
[White "Zakhartsov, Vladimir"]
[Black "Nguyen, Hong Anh"]
[WhiteFideId "4145097"]
[BlackFideId "12406732"]
[WhiteElo "2497"]
[BlackElo "2054"]
[Result "0-1"]
[Round "01"]
[TimeControl "180+2"]
[Date "2023.04.11"]
[WhiteClock "0:00:06"]
[BlackClock "0:00:09"]

1. e4 c5 2. Nf3 Nc6 3. g3 g6 4. Bg2 Bg7 5. O-O e5 6. c3 Nge7 7. d3 d6 8. a3 a5 9. a4 O-O 10. Na3 d5 11. exd5 Nxd5 12. Nc4 Nb6 13. Ne3 Be6 14. Re1 c4 15. dxc4 Nxc4 16. Qxd8 Rfxd8 17. Ng5 Nxe3 18. Bxe3 Bb3 19. Ne4 Bf8 20. Bb6 Rdc8 21. Nc5 Bxc5 22. Bxc5 Rd8 23. Be3 Rd7 24. Bf1 Rad8 25. Bb6 Re8 26. Bb5 Rd2 27. Bxa5 Rxb2 28. Bb6 Re6 29. Be3 Bd5 30. Red1 Bf3 31. Rdb1 Rc2 32. Rc1 Rb2 33. Rab1 Rxb1 34. Rxb1 Rd6 35. Kf1 Nd8 36. Ke1 Ne6 37. Be2 Be4 38. Rb4 Bc6 39. a5 Nc7 40. Rb2 Kg7 41. c4 Ne6 42. Bb6 e4 43. c5 Rd5 44. Bc4 Re5 45. a6 bxa6 46. Bxa6 Nxc5 47. Rc2 Nd3+ 48. Kd2 Ba4 49. Ra2 Bb3 50. Ra3 Rd5 51. Rxb3 Nc5+ 52. Kc3 Nxb3 53. Bc4 Rd6 54. Bc7 Rc6 55. Be5+ f6 56. Kxb3 fxe5 57. Bd5 Rf6 58. Bxe4 Rxf2 59. h4 Re2 60. Bd5 Re3+ 61. Kc4 Rxg3 62. Kc5 Rg4 63. Kd6 Rxh4 64. Kxe5 Rh5+ 65. Ke4 Rxd5 66. Kxd5 g5 0-1


[Site "https://www.chess.com"]

[Event "Titled Tuesday Blitz April 11 Early 2023"]
[White "Principe, Gerson"]
[Black "Narayanan, Srinath"]
[WhiteFideId "3804550"]
[BlackFideId "5018420"]
[WhiteElo "2229"]
[BlackElo "2438"]
[Result "0-1"]
[Round "01"]
[TimeControl "180+2"]
[Date "2023.04.11"]
[WhiteClock "0:00:05"]
[BlackClock "0:01:18"]

1. d4 Nf6 2. Nf3 d6 3. e3 g6 4. Be2 Bg7 5. O-O O-O 6. b3 Nbd7 7. Bb2 b6 8. c4 Bb7 9. Nc3 Ne4 10. Qc2 Nxc3 11. Bxc3 Nf6 12. Rfd1 Qd7 13. d5 e6 14. e4 e5 15. Ne1 Qe7 16. b4 Nd7 17. f3 f5 18. Bd2 f4 19. Nd3 g5 20. Rac1 Nf6 21. Nf2 h5 22. c5 Rf7 23. a4 Raf8 24. a5 Bc8 25. cxd6 cxd6 26. Qxc8 Rxc8 27. Rxc8+ Kh7 28. a6 Qd7 29. Rc6 g4 30. Rdc1 g3 31. Nh3 gxh2+ 32. Kxh2 Kg6 33. Be1 Bf8 34. b5 Ng4+ 35. Kg1 Ne3 36. Bh4 Be7 37. Rc7 Qe8 38. Rc8 Qd7 39. R1c7 Bxh4 40. Rxd7 Rxd7 41. Rc6 Kh7 42. Rc8 Rg7 43. Bf1 Be1 44. Rb8 Bb4 45. Rb7 Bc5 46. Nf2 Nd1 0-1


[Site "https://www.chess.com"]

[Event "Titled Tuesday Blitz April 11 Early 2023"]
[White "Vakhlamov, Igor L."]
[Black "Mouhamad, Joachim"]
[WhiteFideId "24126748"]
[BlackFideId "656410"]
[WhiteElo "2400"]
[BlackElo "2125"]
[Result "1-0"]
[Round "01"]
[TimeControl "180+2"]
[Date "2023.04.11"]
[WhiteClock "0:01:37"]
[BlackClock "0:00:15"]

1. e4 c5 2. Nf3 Nc6 3. Nc3 d6 4. Bb5 Bd7 5. Bxc6 Bxc6 6. d4 cxd4 7. Qxd4 e5 8. Qd3 h6 9. O-O Nf6 10. Rd1 Be7 11. Nh4 O-O 12. Nf5 Re8 13. Bxh6 Bf8 14. Bxg7 Bxg7 15. Qg3 Nh5 16. Qg4 Re6 17. Qxh5 Rg6 18. Nd5 Bxd5 19. Rxd5 Rc8 20. c3 Rc5 21. Rad1 Rxd5 22. Rxd5 Bf8 23. g3 Qb6 24. Qe2 Qc6 25. Qb5 a6 26. Qxc6 bxc6 27. Ra5 d5 28. exd5 cxd5 29. Rxd5 Rb6 30. b3 f6 31. c4 Bb4 32. Kg2 a5 33. Kf3 a4 34. Rb5 Rxb5 35. cxb5 axb3 36. axb3 Kf7 37. b6 Ba5 38. b7 Bc7 39. h4 Ke6 40. Ke4 Bb8 41. h5 1-0


[Site "https://www.chess.com"]

[Event "Titled Tuesday Blitz April 11 Early 2023"]
[White "Cervantes Landeiro, Thalia"]
[Black "Kuzubov, Yuriy"]
[WhiteFideId "3520498"]
[BlackFideId "14112906"]
[WhiteElo "2172"]
[BlackElo "2496"]
[Result "0-1"]
[Round "01"]
[TimeControl "180+2"]
[Date "2023.04.11"]
[WhiteClock "0:00:05"]
[BlackClock "0:01:12"]

1. d4 Nf6 2. c4 e6 3. Nf3 d5 4. Nc3 Be7 5. cxd5 exd5 6. Bf4 c6 7. e3 Bf5 8. h3 Nbd7 9. g4 Bg6 10. Bd3 Qb6 11. Bxg6 hxg6 12. Qc2 Nxg4 13. O-O-O Nh6 14. h4 Nf6 15. Ne5 Nh5 16. Nxg6 fxg6 17. Qxg6+ Nf7 18. Bg5 Qc7 19. e4 Qd6 20. Qf5 Bxg5+ 21. hxg5 Qf4+ 22. Qxf4 Nxf4 23. exd5 Rxh1 24. Rxh1 Nxd5 25. g6 Nh6 26. Nxd5 cxd5 27. Rh5 O-O-O 28. Kd2 Rd6 29. Ke3 Kd7 30. f3 Ke6 31. Rg5 Kf6 32. Rg1 Rc6 33. Kd3 Nf5 34. Re1 Rc4 35. Re8 Rxd4+ 36. Kc3 Rf4 37. Rb8 Rxf3+ 38. Kb4 Re3 39. Rxb7 Re7 40. Rb8 d4 41. Kc4 Kxg6 42. b4 Rc7+ 43. Kd3 Rc3+ 44. Kd2 Ra3 45. Rc8 Kg5 46. Rc5 Kf4 0-1


[Site "https://www.chess.com"]

[Event "Titled Tuesday Blitz April 11 Early 2023"]
[White "Svane, Frederik"]
[Black "Toncheva, Nadya"]
[WhiteFideId "12923044"]
[BlackFideId "2924056"]
[WhiteElo "2502"]
[BlackElo "2101"]
[Result "1-0"]
[Round "01"]
[TimeControl "180+2"]
[Date "2023.04.11"]
[WhiteClock "0:01:37"]
[BlackClock "0:00:08"]

1. c4 c5 2. g3 g6 3. Bg2 Bg7 4. Nc3 Nc6 5. d3 e6 6. h4 h6 7. h5 g5 8. f4 gxf4 9. Bxf4 Nge7 10. Nb5 e5 11. Nd6+ Kf8 12. Be3 b6 13. Nf3 Qc7 14. Nxc8 Rxc8 15. Nh4 Nd4 16. O-O Ke8 17. Bd2 Rf8 18. e3 Ne6 19. Qg4 Qd6 20. Nf5 Nxf5 21. Qxf5 Qe7 22. Rab1 Qg5 23. Qxg5 Nxg5 24. b4 d6 25. bxc5 dxc5 26. a4 Ke7 27. a5 Rb8 28. Bd5 Ne6 29. Kg2 Bf6 30. Rb3 Bg5 31. Rfb1 Rg8 32. Kf2 Ng7 33. axb6 axb6 34. Rxb6 Rxb6 35. Rxb6 Nxh5 36. Rb7+ Kd6 37. Ba5 Bd8 38. Rb8 Kd7 39. Bxf7 Rf8 40. Rxd8+ Rxd8 41. Bxd8 1-0


[Site "https://www.chess.com"]

[Event "Titled Tuesday Blitz April 11 Early 2023"]
[White "Omariev, Maksim"]
[Black "Iturrizaga Bonelli, Eduardo"]
[WhiteFideId "4193423"]
[BlackFideId "3901211"]
[WhiteElo "2475"]
[BlackElo "2637"]
[Result "0-1"]
[Round "01"]
[TimeControl "180+2"]
[Date "2023.04.11"]
[WhiteClock "0:00:02"]
[BlackClock "0:02:10"]

1. g4 d5 2. Bg2 c6 3. h3 h5 4. g5 g6 5. d4 Bg7 6. Nf3 Nd7 7. Bf4 Qb6 8. b3 e6 9. Qd2 Ne7 10. e3 Nf5 11. Nc3 O-O 12. Ne2 Re8 13. Ne5 Nxe5 14. Bxe5 Bxe5 15. dxe5 c5 16. e4 Nh4 17. Rg1 Nxg2+ 18. Rxg2 d4 19. c3 dxc3 20. Nxc3 Rd8 21. Qf4 Qb4 22. Rg3 Bd7 23. O-O-O Bc6 24. Rf3 Rxd1+ 25. Nxd1 Be8 26. Qf6 Qxe4 27. Nc3 Qe1+ 28. Kb2 Qd2+ 29. Kb1 Rd8 30. Re3 Rd4 31. Qf3 Bc6 32. Qe2 Qxe2 33. Nxe2 Rd2 34. f4 h4 35. a4 b6 36. Kc1 Rd8 37. Nc3 Rd4 38. Ne2 Rb4 39. Kc2 Bd5 40. Nc1 Rxf4 41. Nd3 Be4 42. Kc3 Bxd3 43. Rxd3 Rf5 44. Rd8+ Kg7 45. Rd7 Rxg5 46. Rxa7 Rg3+ 47. Kc4 Rxh3 48. Rb7 Rh1 49. Rxb6 h3 50. Rd6 h2 51. Kb5 Rb1 0-1


[Site "https://www.chess.com"]

[Event "Titled Tuesday Blitz April 11 Early 2023"]
[White "Gharibyan, Mamikon"]
[Black "Ladan, Nicholas"]
[WhiteFideId "13308300"]
[BlackFideId "30918855"]
[WhiteElo "2445"]
[BlackElo "2167"]
[Result "1-0"]
[Round "01"]
[TimeControl "180+2"]
[Date "2023.04.11"]
[WhiteClock "0:00:27"]
[BlackClock "0:00:02"]

1. d4 d5 2. c4 e6 3. Nc3 Nf6 4. cxd5 exd5 5. a3 h6 6. Bf4 Bd6 7. Bg3 O-O 8. e3 Re8 9. Nf3 Bf5 10. Qb3 Nc6 11. Be2 a6 12. O-O-O Na5 13. Qa4 Bxg3 14. hxg3 c6 15. Ne5 Qb6 16. Bd3 Ne4 17. Nxe4 Bxe4 18. Bxe4 dxe4 19. Qb4 Qb5 20. Kb1 Rad8 21. g4 f6 22. Ng6 Qxb4 23. axb4 Nc4 24. Rc1 Nb6 25. Nf4 Nd5 26. Nxd5 Rxd5 27. Rc5 Kf7 28. Ka2 Red8 29. Kb3 Kg6 30. Rh5 Kf7 31. Ka4 Rxc5 32. bxc5 Rd7 33. Ka5 Kg6 34. Kb6 Kf7 35. Ka7 Ke7 36. Kb8 Kd8 37. Rf5 Re7 38. d5 cxd5 39. Rxd5+ Ke8 40. Rd6 g6 41. Rxf6 1-0


[Site "https://www.chess.com"]

[Event "Titled Tuesday Blitz April 11 Early 2023"]
[White "Trifan, Andrei Ioan"]
[Black "Kamsky, Gata"]
[WhiteFideId "12967068"]
[BlackFideId "2000024"]
[WhiteElo "2208"]
[BlackElo "2660"]
[Result "0-1"]
[Round "01"]
[TimeControl "180+2"]
[Date "2023.04.11"]
[WhiteClock "0:01:08"]
[BlackClock "0:00:39"]

1. e4 c5 2. Nf3 e6 3. c4 a6 4. Nc3 Qc7 5. Be2 b6 6. O-O Bb7 7. d4 cxd4 8. Nxd4 Nf6 9. f3 Nc6 10. Be3 Bc5 11. Qd2 Nxd4 12. Bxd4 Qd6 13. Rad1 e5 14. Bxc5 Qxd2 15. Rxd2 bxc5 16. f4 Nxe4 17. Nxe4 Bxe4 18. fxe5 Ke7 19. Rfd1 Ra7 20. Bg4 Bc6 21. h4 a5 22. Kh2 Rb8 23. Rf2 Rab7 24. Rdf1 Rf8 25. Bh5 g6 26. Bd1 a4 27. h5 Rb4 28. b3 axb3 29. axb3 Rbb8 30. Bc2 gxh5 31. Rf5 h4 32. Rh5 Rg8 33. Rf2 Rg7 34. Rxh4 Rbg8 35. Be4 Bxe4 36. Rxe4 Rg4 37. Ref4 Rxf4 38. Rxf4 Rg5 39. Rh4 Rxe5 40. Rxh7 Re2 41. Rh5 d6 42. Rh3 Ke6 43. Rd3 f5 44. Kg3 Rb2 45. Kf3 Ke5 46. Rd5+ Ke6 47. Rd3 f4 48. Kxf4 Rxg2 49. Ke3 Rb2 50. Ke4 Kd7 51. Kd5 Re2 0-1


[Site "https://www.chess.com"]

[Event "Titled Tuesday Blitz April 11 Early 2023"]
[White "Salinas Herrera, Pablo"]
[Black "Minko, Dmitry"]
[WhiteFideId "3407128"]
[BlackFideId "24188468"]
[WhiteElo "2546"]
[BlackElo "2147"]
[Result "1-0"]
[Round "01"]
[TimeControl "180+2"]
[Date "2023.04.11"]
[WhiteClock "0:00:19"]
[BlackClock "0:00:05"]

1. e4 e5 2. Nf3 Nc6 3. Bc4 Nf6 4. d3 h6 5. O-O g6 6. Nc3 Bg7 7. a4 O-O 8. a5 a6 9. h3 d6 10. Re1 Be6 11. Be3 d5 12. exd5 Nxd5 13. Bd2 Nxc3 14. Bxc3 Bxc4 15. dxc4 Re8 16. Qd5 Qxd5 17. cxd5 Nd4 18. Bxd4 exd4 19. Rxe8+ Rxe8 20. Ra4 Rd8 21. Rb4 Rxd5 22. Rxb7 Rxa5 23. Rxc7 d3 24. cxd3 Bxb2 25. d4 Ra1+ 26. Kh2 Rd1 27. Rc4 a5 28. g4 Ra1 29. Kg2 a4 30. Ne5 a3 31. Rc8+ Kg7 32. Rc7 a2 33. Rxf7+ Kg8 34. Ra7 Bxd4 35. Ra8+ Kg7 36. Nc6 Rc1 37. Nxd4 a1=Q 38. Ne6+ Kf6 39. Rxa1 Rxa1 40. Nf4 Ra4 41. Nd5+ Ke5 42. Ne3 Ra2 43. Kf3 g5 44. Kg2 Kf4 45. Nd5+ Ke4 46. Nc3+ 1-0


[Site "https://www.chess.com"]

[Event "Titled Tuesday Blitz April 11 Early 2023"]
[White "Reprintsev, Alexander"]
[Black "Kukhmazov, Arsen"]
[WhiteFideId "14100541"]
[BlackFideId "24108260"]
[WhiteElo "2211"]
[BlackElo "2396"]
[Result "0-1"]
[Round "01"]
[TimeControl "180+2"]
[Date "2023.04.11"]
[WhiteClock "0:01:29"]
[BlackClock "0:00:46"]

1. e4 e5 2. Nf3 Nc6 3. Bc4 Bc5 4. b4 Bxb4 5. c3 Ba5 6. d4 d6 7. Qb3 Qd7 8. O-O Bb6 9. Nbd2 Na5 10. Qc2 Nxc4 11. Nxc4 f6 12. a4 Qf7 13. d5 Bc5 14. Be3 Bxe3 15. fxe3 Nh6 16. a5 O-O 17. h3 Bd7 18. Nfd2 b6 19. Rf2 Qg6 20. g4 f5 21. exf5 Bxf5 22. e4 Bd7 23. Raf1 Rxf2 24. Rxf2 Nf7 25. Ne3 h5 26. Rg2 Ng5 27. Kh2 hxg4 28. Nxg4 Qh5 29. Nf2 Rf8 30. Qd3 Bxh3 31. Nxh3 Rf3 32. Nxf3 Qxh3+ 33. Kg1 Nxf3+ 34. Kf2 Qxg2+ 35. Kxg2 Ne1+ 0-1


[Site "https://www.chess.com"]

[Event "Titled Tuesday Blitz April 11 Early 2023"]
[White "Bharath Subramaniyam H"]
[Black "Chernomordik, Pavel"]
[WhiteFideId "46634827"]
[BlackFideId "2804530"]
[WhiteElo "2395"]
[BlackElo "2193"]
[Result "1-0"]
[Round "01"]
[TimeControl "180+2"]
[Date "2023.04.11"]
[WhiteClock "0:00:50"]
[BlackClock "0:00:03"]

1. e4 g6 2. d4 Bg7 3. Nc3 d6 4. f4 a6 5. Nf3 b5 6. Bd3 Nd7 7. O-O c5 8. d5 c4 9. Be2 Qb6+ 10. Kh1 Ngf6 11. a4 b4 12. a5 Qa7 13. Na4 Nxe4 14. Qe1 Ndf6 15. Bxc4 O-O 16. Nb6 Rb8 17. Qxb4 Ng4 18. Qe1 Bf5 19. h3 Ngf6 20. Bd3 Nc5 21. Bxf5 gxf5 22. Be3 Nfe4 23. Nd4 Bxd4 24. Bxd4 Nd7 25. Ra3 f6 26. g4 Nxb6 27. axb6 Qd7 28. Re3 Rf7 29. gxf5 Nc5 30. Rg1+ Kh8 31. Rxe7 Qxf5 32. Re8+ Rf8 33. Qg3 Qg6 34. Qxg6 hxg6 35. Rxf8+ Rxf8 36. Rxg6 Nd7 37. b7 Kh7 38. Rg3 Rb8 39. Rb3 Kg6 40. Ba7 Re8 41. b8=Q Nxb8 42. Bxb8 Re1+ 43. Kg2 Re2+ 44. Kf3 Rxc2 45. Bxd6 Kf5 46. Ba3 Rd2 47. d6 Ke6 48. Ke3 Rh2 49. Kd4 Rd2+ 50. Rd3 Rf2 51. Kc5 1-0


[Site "https://www.chess.com"]

[Event "Titled Tuesday Blitz April 11 Early 2023"]
[White "Dominguez Pons, Eric"]
[Black "Galperin, Platon"]
[WhiteFideId "2262916"]
[BlackFideId "14165414"]
[WhiteElo "2302"]
[BlackElo "2434"]
[Result "1-0"]
[Round "01"]
[TimeControl "180+2"]
[Date "2023.04.11"]
[WhiteClock "0:00:40"]
[BlackClock "0:00:17"]

1. d4 Nf6 2. Nf3 g6 3. Nbd2 d5 4. e3 Bg7 5. Bd3 O-O 6. O-O Nc6 7. c3 Re8 8. e4 e5 9. dxe5 Nxe5 10. Nxe5 Rxe5 11. f4 Re8 12. e5 Nd7 13. Nf3 c6 14. Be3 f6 15. exf6 Nxf6 16. Bd4 Ng4 17. Bxg7 Kxg7 18. Qd2 Qb6+ 19. Kh1 Qe3 20. Qxe3 Rxe3 21. Rad1 Re8 22. Rd2 Ne3 23. Re1 Bf5 24. Bxf5 Nxf5 25. Rde2 Rxe2 26. Rxe2 Kf8 27. g4 Nd6 28. Ng5 h6 29. Re6 hxg5 30. Rxd6 gxf4 31. Rxg6 Kf7 32. Rg5 Re8 33. Rf5+ Kg6 34. Rxf4 Re2 35. b4 Rxa2 36. h4 a5 37. bxa5 Rxa5 38. Kg2 Ra2+ 39. Kg3 Ra3 40. h5+ Kg7 41. Rf3 c5 42. g5 b5 43. Kg4 Ra4+ 44. Kf5 Ra8 45. h6+ Kh7 46. Ke5 d4 47. cxd4 Re8+ 48. Kd5 c4 49. Rf7+ Kg6 50. Rg7+ Kf5 51. h7 c3 52. Rg8 c2 53. Rxe8 c1=Q 54. h8=Q Qc4+ 55. Kd6 Qb4+ 56. Kc6 Qc4+ 57. Kb6 Kg4 58. Qe5 b4 59. Qe6+ Qxe6+ 60. Rxe6 b3 61. d5 b2 62. Re1 b1=Q+ 63. Rxb1 1-0


[Site "https://www.chess.com"]

[Event "Titled Tuesday Blitz April 11 Early 2023"]
[White "Durarbayli, Vasif"]
[Black "Dudzinski, Pawel"]
[WhiteFideId "13402935"]
[BlackFideId "1117890"]
[WhiteElo "2551"]
[BlackElo "2099"]
[Result "1-0"]
[Round "01"]
[TimeControl "180+2"]
[Date "2023.04.11"]
[WhiteClock "0:00:31"]
[BlackClock "0:00:23"]

1. e4 c6 2. d4 d5 3. exd5 cxd5 4. c4 Nf6 5. Nc3 g6 6. cxd5 Bg7 7. Bc4 O-O 8. Nge2 Nbd7 9. Nf4 Nb6 10. Bb3 Bg4 11. f3 Bf5 12. O-O g5 13. Nfe2 h6 14. f4 g4 15. Ng3 Qd7 16. d6 exd6 17. d5 Rfe8 18. a4 a5 19. Ra3 Rac8 20. Nb5 Nc4 21. Bxc4 Rxc4 22. Nxf5 Qxf5 23. Nxd6 Qc2 24. Qxc2 Rxc2 25. Nxe8 Nxe8 26. f5 Bd4+ 27. Be3 Bxb2 28. Rb3 Nd6 29. Rf2 Rxf2 30. Bxf2 Be5 31. Bc5 Nxf5 32. Rxb7 g3 33. hxg3 Bxg3 34. Ra7 Kg7 35. Rxa5 Kf6 36. Rb5 Ke5 37. a5 Kxd5 38. Bf2+ Kc4 39. Rxf5 Bd6 40. a6 1-0


[Site "https://www.chess.com"]

[Event "Titled Tuesday Blitz April 11 Early 2023"]
[White "Vovk, Orest"]
[Black "Khanin, Semen"]
[WhiteFideId "14113490"]
[BlackFideId "4111990"]
[WhiteElo "2215"]
[BlackElo "2458"]
[Result "1-0"]
[Round "01"]
[TimeControl "180+2"]
[Date "2023.04.11"]
[WhiteClock "0:00:04"]
[BlackClock "0:00:57"]

1. h4 d5 2. h5 e5 3. h6 Nxh6 4. d4 e4 5. Bxh6 gxh6 6. e3 Rg8 7. c4 c6 8. Qb3 Qb6 9. Nc3 Qxb3 10. axb3 Bb4 11. Rxh6 Bf5 12. Rh5 Bg6 13. Re5+ Kd7 14. cxd5 f6 15. Re6 cxd5 16. Rxf6 Nc6 17. O-O-O Be7 18. Nxd5 Rgc8 19. Rf4 Nb4+ 20. Nc3 Na2+ 21. Kd2 Bb4 22. Ne2 a5 23. Ra1 Nxc3 24. bxc3 Bd6 25. Rh4 b5 26. g3 a4 27. Bh3+ Ke7 28. Bxc8 Rxc8 29. bxa4 b4 30. cxb4 Bxb4+ 31. Kd1 Bf7 32. Rxh7 Kf6 33. Rxf7+ Kxf7 34. Nf4 Rh8 35. Ke2 Rc8 36. a5 Rc2+ 37. Kf1 Rc8 38. Kg2 Ra8 39. a6 Ra7 40. g4 Bd6 41. Nd5 Ke6 42. Nb4 Bxb4 43. Ra4 Bd6 44. f3 Kd5 45. Ra5+ Kc4 46. fxe4 Kd3 47. Kf3 Rf7+ 48. Kg2 Bb8 49. e5 Kxe3 50. e6 Rf2+ 51. Kg1 Bh2+ 52. Kh1 Bf4 53. e7 Kf3 54. Ra3+ Kxg4 55. e8=Q Rh2+ 56. Kg1 Rb2 57. Qg6+ Kh4 58. Qf6+ Kg4 59. Qxf4+ Kxf4 60. a7 1-0


[Site "https://www.chess.com"]

[Event "Titled Tuesday Blitz April 11 Early 2023"]
[White "Lukovic, Vladimir"]
[Black "Rangel, Daniel"]
[WhiteFideId "942952"]
[BlackFideId "2124475"]
[WhiteElo "2391"]
[BlackElo "2256"]
[Result "1-0"]
[Round "01"]
[TimeControl "180+2"]
[Date "2023.04.11"]
[WhiteClock "0:00:20"]
[BlackClock "0:00:20"]

1. e4 c5 2. Nf3 g6 3. d4 cxd4 4. Qxd4 Nf6 5. Nc3 Nc6 6. Qa4 d6 7. e5 dxe5 8. Nxe5 Bd7 9. Nxc6 Bxc6 10. Bb5 Qd7 11. Bg5 Bg7 12. O-O O-O 13. Rad1 Qf5 14. Bxc6 bxc6 15. Be3 Nd5 16. Nxd5 cxd5 17. c3 e6 18. Bd4 Bxd4 19. Rxd4 Rfc8 20. h3 Rc7 21. Rfd1 Rb8 22. Rb4 Rbc8 23. Qa6 Qc2 24. Re1 Qd2 25. Re2 Qf4 26. Qd3 Qd6 27. h4 h5 28. g4 Rc4 29. gxh5 Rxb4 30. cxb4 Rc4 31. Qg3 Qxb4 32. f3 Qc5+ 33. Kh2 Rc2 34. Rg2 Rxg2+ 35. Qxg2 Qd4 36. Kh3 Qg7 37. hxg6 Qxg6 38. Qg4 Kf8 39. Qf4 Qg5 40. hxg5 1-0


[Site "https://www.chess.com"]

[Event "Titled Tuesday Blitz April 11 Early 2023"]
[White "Rios Escobar, Adan"]
[Black "Lobanov, Sergei"]
[WhiteFideId "3403645"]
[BlackFideId "24183750"]
[WhiteElo "2467"]
[BlackElo "2489"]
[Result "0-1"]
[Round "01"]
[TimeControl "180+2"]
[Date "2023.04.11"]
[WhiteClock "0:00:02"]
[BlackClock "0:01:01"]

1. d4 Nf6 2. g3 d5 3. Nf3 e6 4. Bg2 Be7 5. c4 O-O 6. O-O dxc4 7. Qc2 a6 8. a4 Nc6 9. Qxc4 Qd5 10. Nbd2 Rd8 11. e3 Qh5 12. h3 g5 13. g4 Qg6 14. a5 h5 15. Ne5 Nxe5 16. dxe5 Nd5 17. Nf3 Bd7 18. Rd1 Bb5 19. Qb3 c5 20. Bd2 hxg4 21. hxg4 c4 22. Qa2 Qe4 23. Nh2 Qxe5 24. Bxd5 Qxd5 25. Bc3 Qe4 26. Re1 Bd6 27. b3 cxb3 28. Qb2 Bc6 29. f3 Qc2 30. Re2 Qxb2 31. Rxb2 Rac8 32. Rxb3 Bd5 33. Rab1 Bxb3 34. Rxb3 Bxh2+ 35. Kxh2 Rd3 36. Rxb7 Rcxc3 37. f4 Rxe3 38. fxg5 Re2+ 39. Kg1 Rc1# 0-1


[Site "https://www.chess.com"]

[Event "Titled Tuesday Blitz April 11 Early 2023"]
[White "Khubukshanov, Erdem"]
[Black "Chandreyee, Hajra"]
[WhiteFideId "54114527"]
[BlackFideId "5056535"]
[WhiteElo "2420"]
[BlackElo "1725"]
[Result "1-0"]
[Round "01"]
[TimeControl "180+2"]
[Date "2023.04.11"]
[WhiteClock "0:01:01"]
[BlackClock "0:00:54"]

1. Nf3 e6 2. c4 f5 3. g3 Nf6 4. Bg2 Be7 5. O-O d6 6. Nc3 e5 7. d4 e4 8. Ne1 c5 9. d5 Nbd7 10. f3 exf3 11. Nxf3 O-O 12. b3 Ne5 13. Bb2 Nfg4 14. Qd2 Nxf3+ 15. exf3 Bg5 16. f4 Bf6 17. Rae1 Bd4+ 18. Kh1 Re8 19. Nd1 Bxb2 20. Qxb2 Bd7 21. h3 Nf6 22. a4 a6 23. Ne3 b5 24. axb5 axb5 25. cxb5 Bxb5 26. Rg1 Ne4 27. Nxf5 Bd3 28. Qxg7# 1-0


[Site "https://www.chess.com"]

[Event "Titled Tuesday Blitz April 11 Early 2023"]
[White "Jimenez Jimenez, Leandro"]
[Black "Aravindh, Chithambaram VR."]
[WhiteFideId "6415253"]
[BlackFideId "5072786"]
[WhiteElo "2263"]
[BlackElo "2596"]
[Result "0-1"]
[Round "01"]
[TimeControl "180+2"]
[Date "2023.04.11"]
[WhiteClock "0:00:08"]
[BlackClock "0:01:56"]

1. d4 c6 2. c4 f5 3. Nc3 Nf6 4. g3 g6 5. Bg2 Bg7 6. Nf3 O-O 7. O-O d6 8. Qc2 Qe8 9. d5 e5 10. dxe6 Bxe6 11. b3 Na6 12. Bb2 Rd8 13. Ng5 Bc8 14. Rad1 Nc5 15. b4 Ne6 16. h4 Qe7 17. b5 Nxg5 18. hxg5 Ng4 19. bxc6 bxc6 20. Bxc6 Qxg5 21. Bd5+ Kh8 22. Bg2 Qh5 23. Rfe1 Qh2+ 24. Kf1 f4 25. Ne4 Ne3+ 26. fxe3 fxg3+ 27. Bf3 Bh3# 0-1


[Site "https://www.chess.com"]

[Event "Titled Tuesday Blitz April 11 Early 2023"]
[White "Gabrielian, Artur"]
[Black "Shuvalov, Evgenij"]
[WhiteFideId "4131002"]
[BlackFideId "4187237"]
[WhiteElo "2432"]
[BlackElo "2080"]
[Result "1-0"]
[Round "01"]
[TimeControl "180+2"]
[Date "2023.04.11"]
[WhiteClock "0:00:42"]
[BlackClock "0:00:01"]

1. e4 e6 2. d4 d5 3. e5 c5 4. c3 Nc6 5. Nf3 Qb6 6. Bd3 cxd4 7. O-O Bd7 8. Re1 Nge7 9. h4 a6 10. Nbd2 dxc3 11. bxc3 Ng6 12. Nb3 f6 13. exf6 gxf6 14. Rb1 Qc7 15. Bxg6+ hxg6 16. Qxd5 O-O-O 17. Qc4 e5 18. Be3 Bf5 19. Rb2 Bd3 20. Qa4 f5 21. Nc5 Bb5 22. Qb3 Bxc5 23. Bxc5 Na5 24. Qe6+ Bd7 25. Qxe5 Nc4 26. Qxc7+ Kxc7 27. Rbe2 Rhe8 28. Be7 Rc8 29. Nd4 b5 30. f3 Kb7 31. Kf2 Nb6 32. Nb3 Nd5 33. Bb4 Rxe2+ 34. Rxe2 Nxc3 35. Re7 Nd5 36. Rxd7+ 1-0


[Site "https://www.chess.com"]